 Dungeon Crawl Stone Soup version 0.31-a0-542-gdc2a67831c (webtiles) character file.

Game seed: 15048838994362592601

1234 Ethylacetat the Sneak (level 8, -1/57 HPs)
             Began as an Octopode Gladiator on Aug 14, 2023.
             Was an Initiate of Gozag.
             Killed by a stone arrow (26 damage)
             ... invoked by the fury of Makhleb
             ... on level 5 of the Dungeon.
             The game lasted 00:05:03 (3690 turns).

Ethylacetat the Sneak (Octopode Gladiator)          Turns: 3690, Time: 00:05:03

Health: -1/57      AC:  5    Str: 13    XL:     8   Next: 48%
Magic:  8/8        EV: 21    Int: 11    God:    Gozag
Gold:   202        SH:  0    Dex: 15    Spells: 7/7 levels left

rFire   . . .        e - +1 dagger (drain)
rCold   . . .        (no shield)
rNeg    . . .        b - +0 hat
rPois   +            n - amulet of regeneration
rElec   .            h - +5 ring of evasion
rCorr   .            l - +4 ring of protection
SInv    .            q - ring of poison resistance
Will    .....        (no ring)
Stlth   +++++        (no ring)
HPRegen 1.09/turn    (no ring)
MPRegen 0.11/turn    (no ring)
                     (no ring)

%: no passive effects
@: gold aura
A: almost no armour, amphibious, 8 rings, camouflage 1, gelatinous body 1,
(nimble swimmer 1), tentacles
a: Renounce Religion, Potion Petition, Call Merchant, Bribe Branch


You were on level 5 of the Dungeon.
You worshipped Gozag.
Gozag was aware of your devotion.
You visited 2 branches of the dungeon, and saw 6 of its levels.

You collected 284 gold pieces.
You paid 82 gold pieces to Gozag.

Inventory:

Hand Weapons
 e - a +1 dagger of draining (weapon)
Missiles
 c - 4 throwing nets (quivered)
 d - a javelin
Armour
 b - a +0 hat (worn)
Jewellery
 h - a +5 ring of evasion (left tentacle)
 l - a +4 ring of protection (right tentacle)
 n - an amulet of regeneration (around mantle)
 q - a ring of poison resistance (on tentacle)
Wands
 u - a wand of mindburst (3)
Scrolls
 i - a scroll of enchant armour {unknown}
 j - a scroll of noise {unknown}
 k - 3 scrolls of identify {unknown}
 m - 2 scrolls of teleportation {unknown}
 s - a scroll of immolation {unknown}
 t - a scroll of enchant weapon {unknown}
 v - a scroll of vulnerability {unknown}
 x - a scroll of blinking {unknown}
 y - a scroll of fear {unknown}
Potions
 a - 2 potions of attraction {unknown}
 f - 2 potions of curing {unknown}
 g - 2 potions of lignification {unknown}
 o - a potion of heal wounds {unknown}
 p - a potion of cancellation {unknown}
 r - 2 potions of degeneration {unknown}
 w - a potion of invisibility {unknown}
 z - 2 potions of haste {unknown}


   Skills:
 + Level 5.8 Fighting
 - Level 3.0 Short Blades
 - Level 2.0 Throwing
 + Level 6.2 Dodging
 + Level 7.6 Stealth
 * Level 2.0 Shapeshifting


You had 7 spell levels left.
You didn't know any spells.
Your spell library contained the following spells:

 Spells                   Type           Power      Damage    Failure   Level
 Apportation              Tloc           0%         N/A       34%         1
 Kiss of Death            Conj/Necr      0%         2d5       34%         1
 Slow                     Hex            0%         N/A       34%         1
 Confusing Touch          Hex            0%         N/A       71%         3
 Vampiric Draining        Necr           0%         2d6       71%         3
 Dispel Undead            Necr           0%         3d6       98%         4
 Alistair's Intoxication  Tmut/Pois      0%         N/A       100%        5


Dungeon Overview and Level Annotations

Branches:
Dungeon (5/15)             Temple (1/1) D:5

Altars:
Ashenzari
Cheibriados
Dithmenos
Elyvilon
Gozag
Hepliaklqana
Makhleb
Nemelex Xobeh
Okawaru
Qazlal
Ru
Sif Muna
Trog
Uskayaw
Wu Jian
Yredelemnul
Zin
The Shining One

Shops:
D:1 !


Innate Abilities, Weirdness & Mutations

You cannot wear most types of armour.
You are amphibious.
You can wear up to eight rings at the same time.
Your skin changes colour to match your surroundings (Stealth+).
Your rubbery body absorbs attacks. (AC +1, EV +1)
((You are camouflaged when in or above water. (Stealth+)))
You have tentacles for arms and can constrict up to eight enemies at once.


Message History

The orc priest hits you with a +0 club. The ice beast completely misses you.
You are too injured to fight recklessly!
You are too injured to fight recklessly!
You are too injured to fight recklessly!
You hit the orc priest. You drain the orc priest. You grab the orc priest.
You squeeze the orc priest.
The orc priest is severely wounded.
You constrict the orc priest. The orc priest closely misses you.
The ice beast misses you.
You hit the orc priest.
The orc priest is almost dead.
You constrict the orc priest.
The orc priest mumbles some strange prayers to Beogh against you.
Beogh smites you! The ice beast misses you.
You hit the orc priest.
You kill the orc priest!
The ice beast barely misses you.
You are too injured to fight recklessly!
You are too injured to fight recklessly!
You are too injured to fight recklessly!
You are too injured to fight recklessly!
You hit the ice beast. You drain the ice beast.
You squeeze the ice beast, but do no damage.
The ice beast is almost dead.
The ice beast misses you.
You hit the ice beast but do no damage. You drain the ice beast.
You squeeze the ice beast.
You kill the ice beast!
Your Shapeshifting skill increases to level 2!
You now have 202 gold pieces (gained 15).
A hound comes into view.
A hound is nearby!
You are too injured to fight recklessly!
You are too injured to fight recklessly!
You are too injured to fight recklessly!
You are too injured to fight recklessly!
Makhleb rains destruction down upon you!
The stone arrow hits you!!
You die...
Your body crumbles into a pile of gold.

..≈≈≈. ≈≈≈≈≈≈ ...#
...... ......#######
!....##...... #
##.............
##.#####.........#####
#............... ##
#..##.@.....# #.. ##.
#. ##.$....# #.## #..
..##......# #..###.#
#.........## #......#
#.(.##.....####....##
.)..# ###$h..$..#####
#.... #.####..# .....
#..# ##.# .#.. #.##
#...


You could see a hound (wandering) and the fury of Makhleb (unaware).

Vanquished Creatures
  Eustachio (D:4)
  3 ice beasts (D:5)
  A black bear (D:4)
  2 ogres
  2 phantoms
  Blork the orc (D:5)
  A scorpion (D:4)
  An orc priest (D:5)
  2 hounds
  Terence (D:2)
  2 iguanas (D:4)
  4 adders
  A white imp (D:5)
  2 worms
  A dart slug (D:4)
  5 orcs
  8 ball pythons
  4 endoplasms
  2 giant cockroaches
  7 goblins
  6 hobgoblins
  3 quokkas
  4 bats
  2 frilled lizards
  4 rats
70 creatures vanquished.

Notes
Turn   | Place    | Note
-------+----------+-------------------------------------------
     0 | D:1      | Ethylacetat the Octopode Gladiator began the quest for the
                  | Orb.
     0 | D:1      | Reached XP level 1. HP: 14/14 MP: 1/1
    58 | D:1      | Found Qeimesyvu's Distillery.
   126 | D:1      | Reached skill level 1 in Stealth
   131 | D:1      | Reached XP level 2. HP: 18/19 MP: 2/2
   596 | D:2      | Reached skill level 2 in Stealth
   596 | D:2      | Reached XP level 3. HP: 19/25 MP: 3/3
   723 | D:2      | Found a faded altar of an unknown god.
   731 | D:2      | Reached XP level 4. HP: 29/30 MP: 4/4
   749 | D:2      | Prayed at the altar of an unknown god.
   749 | D:2      | Became a worshipper of Makhleb the Destroyer
   749 | D:2      | Reached * piety under Makhleb
   757 | D:2      | Fell from the grace of Makhleb
   932 | D:2      | Reached skill level 3 in Stealth
  1210 | D:2      | Noticed Terence
  1212 | D:2      | Killed Terence
  1548 | D:3      | Reached XP level 5. HP: 36/36 MP: 5/5
  2158 | D:4      | Reached skill level 4 in Stealth
  2197 | D:4      | Reached XP level 6. HP: 43/43 MP: 6/6
  2262 | D:4      | Reached skill level 5 in Stealth
  2501 | D:4      | Reached skill level 5 in Dodging
  2501 | D:4      | Reached XP level 7. HP: 49/49 MP: 7/7
  2519 | D:4      | Reached skill level 6 in Stealth
  2561 | D:4      | Found a sacrificial altar of Ru.
  2635 | D:4      | Noticed Eustachio
  2654 | D:4      | Killed Eustachio
  2655 | D:4      | Reached skill level 5 in Fighting
  3066 | D:5      | Entered Level 5 of the Dungeon
  3066 | D:5      | Found a hazy altar of Hepliaklqana.
  3200 | D:5      | Reached skill level 7 in Stealth
  3200 | D:5      | Reached XP level 8. HP: 56/56 MP: 8/8
  3433 | D:5      | Found a staircase to the Ecumenical Temple.
  3457 | Temple   | Entered the Ecumenical Temple
  3478 | Temple   | Became a worshipper of Gozag Ym Sagoz the Greedy
  3488 | Temple   | Noticed a green death
  3616 | D:5      | Found a snail-covered altar of Cheibriados.
  3654 | D:5      | Noticed Blork the orc
  3661 | D:5      | Killed Blork the orc
  3662 | D:5      | Reached skill level 1 in Shapeshifting
  3690 | D:5      | Killed by a stone arrow

Illustrated notes

Levels and vault maps discovered:
D:1:      heliophobic_arrival_henge, layout_basic, serial_shops, shop
D:2:      layout_loops_cross, chequers_ecumenical_altar_simple, uniq_terence
D:3:      layout_basic, kennysheep_minor_cross
D:4:      layout_loops_corners, nicolae_ru_sacrificial_ziggurat, uniq_eustachio
D:5:      layout_layer_cave, mainiacjoe_overflow_paths,
          overflow_temple_1_default, minmay_temple_entry_nine_rooms, uniq_ijyb,
          uniq_blork_the_orc
Temple:   nicolae_temple_superstar

Skill      XL: |  1  2  3  4  5  6  7  8 |
---------------+-------------------------+-----
Stealth        | 1 2 3 4 5 7 |  7.6
Fighting       | 3 4 5 |  5.8
Dodging        | 4 5 6 |  6.2
Shapeshifting  | 2 |  2.0
Short Blades   | |  3.0
Throwing       | |  2.0

Action                     |  1- 3 |  4- 6 |  7- 9 || total
---------------------------+-------+-------+-------++-------
  Melee: Dagger            |    38 |    86 |    64 ||   188
         Rapier            |     4 |       |       ||     4
         Constrict         |     9 |    12 |     3 ||    24
         Tentacles         |     5 |    15 |    18 ||    38
         Punch             |       |     1 |     1 ||     2
 Invoke: Renounce Religion |       |     1 |       ||     1
   Stab: Sleeping          |     6 |    12 |     5 ||    23
         Distracted        |       |     1 |       ||     1
 Armour: Skin              |     5 |     4 |     5 ||    14
  Dodge: Dodged            |    24 |    40 |    48 ||   112

Table legend: (Time is in decaauts)
 A = Elapsed time spent in this place.
 B = Non-inter-level travel time spent in this place.
 C = Inter-level travel time spent in this place.
 D = Time resting spent in this place.
 E = Time spent auto-exploring this place.
 F = Levels seen in this place.
 G = Mean time per level.
                   A        B        C        D        E       F      G
               +--------+--------+--------+--------+--------+-----+--------+
         Total |   3659 |   3526 |    133 |      0 |   2945 |   6 |  609.8 |
       Dungeon |   3582 |   3477 |    105 |      0 |   2945 |   5 |  716.4 |
        Temple |     77 |     49 |     28 |      0 |      0 |   1 |   77.0 |
               +--------+--------+--------+--------+--------+-----+--------+

Top non-repeatable levels by time:
     D:4: 908 daAuts
     D:3: 900 daAuts
     D:2: 648 daAuts
     D:1: 585 daAuts
     D:5: 539 daAuts
  Temple: 77 daAuts
